 Dungeon Crawl Stone Soup version 0.24.0-13-gcf9b319 (webtiles) character file.

Game seed: 3928946245712671833, levelgen mode: deterministic

5945 Bronimir the Cleaver (level 10, -4/84 HPs)
             Began as a Centaur Gladiator on Apr 29, 2020.
             Was a Believer of Ru.
             Slain by a vampire (6 damage)
             ... on level 10 of the Dungeon.
             The game lasted 00:14:48 (8840 turns).

Bronimir the Cleaver (Centaur Gladiator)            Turns: 8840, Time: 00:14:48

Health: -4/84      AC: 11    Str: 19    XL:     10   Next: 54%
Magic:  0/12       EV: 12    Int:  7    God:    Ru [**....]
Gold:   375        SH:  0    Dex: 15    Spells: 9/11 levels left

rFire    . . .     SeeInvis .   a - +4 war axe (chop)
rCold    + + .     Gourm    .   (no shield)
rNeg     + . .     Faith    .   O - +1 leather armour of Negation {rN+ Dex+3}
rPois    .         Spirit   +   Q - +2 helmet of Hedging {*Contam rC++}
rElec    .         Reflect  .   A - scarf {Spirit}
rCorr    .         Harm     .   C - +1 pair of gloves
MR       .....                  (no barding)
Stlth    +.........             (no amulet)
HPRegen  0.24/turn              (no ring)
MPRegen  0.13/turn              (no ring)

@: confused, flying, very quick
A: large, hooves 3, deformed body, speed 2, tough skin 3, inability to use
devices
a: Renounce Religion


You were on level 10 of the Dungeon.
You worshipped Ru.
Ru was pleased with you.
You were not hungry.

You visited 1 branch of the dungeon, and saw 9 of its levels.

You collected 375 gold pieces.

Inventory:

Hand Weapons
 a - a +4 war axe of chopping (weapon)
 b - a +0 shortbow
 c - a +0 battleaxe
 r - a +0 vampiric war axe
 v - a +1 falchion of holy wrath
 E - a +0 hand crossbow
 F - a +0 arbalest
 P - a +0 broad axe
 R - a +0 hunting sling of flaming
 U - a +1 war axe of draining
Missiles
 d - 4 throwing nets
 e - 260 stones
 k - 51 bolts
 n - 4 javelins (quivered)
 q - 126 arrows
 x - 56 sling bullets
Armour
 A - a scarf of spirit shield (worn)
 C - a +1 pair of gloves (worn)
 O - the +1 leather armour of Negation (worn) {rN+ Dex+3}
   (You found it on level 5 of the Dungeon)

   It affects your dexterity (+3).
   It protects you from negative energy.
 Q - the +2 helmet of Hedging (worn) {*Contam rC++}
   (You found it on level 6 of the Dungeon)

   It greatly protects you from cold.
   It causes magical contamination when unequipped.
Jewellery
 o - an uncursed ring of positive energy {unknown}
 D - an uncursed amulet of guardian spirit {unknown}
 H - a cursed -2 ring of protection {unknown}
 M - a +3 ring of strength {unknown}
 S - an uncursed ring of stealth {unknown}
 V - an uncursed ring of poison resistance {unknown}
Wands
 I - a wand of polymorph (7)
 K - a wand of random effects (22)
Scrolls
 i - 9 scrolls of identify
 m - 4 scrolls of teleportation
 u - 3 scrolls of remove curse
 y - a scroll of immolation
 L - a scroll of noise {unknown}
Potions
 g - a potion of berserk rage {unknown}
 h - 2 potions of flight
 j - 2 potions of ambrosia {unknown}
 l - 3 potions of might
 p - 2 potions of degeneration {unknown}
 t - 4 potions of curing {unknown}
 w - a potion of magic {unknown}
 z - a potion of agility {unknown}
 B - 3 potions of heal wounds {unknown}
 G - a potion of invisibility {unknown}
 J - 3 potions of lignification {unknown}
 N - a potion of haste {unknown}
Comestibles
 f - 16 rations
 s - 7 chunks of flesh


   Skills:
 * Level 6.8 Fighting
 + Level 10.5 Axes
 + Level 0.2(1.3) Slings
 + Level 3.4 Bows
 + Level 2.2 Throwing
 * Level 4.1 Armour
 * Level 4.7 Dodging
 - Level 0.3 Stealth
 * Level 1.3 Spellcasting
 * Level 1.8 Hexes
 * Level 1.6 Necromancy


You had 9 spell levels left.
You knew the following spells:

 Your Spells              Type           Power        Failure   Level  Hunger
a - Confusing Touch       Hex            #.....       22%         1    ##.....
b - Animate Skeleton      Necr           N/A          24%         1    ##.....

Your spell library contained the following spells:

 Spells                   Type           Power        Failure   Level  Hunger
 Apportation              Tloc           #.....       43%         1    ##.....
 Summon Small Mammal      Summ           #...         43%         1    ##.....


Dungeon Overview and Level Annotations

Branches:
Dungeon (10/15)            Temple (0/1) D:7
   Lair: D:8-11         Orc: D:9-12

Altars:
Fedhas
Gozag
Makhleb
Okawaru
Qazlal
Ru
Trog
Vehumet
Wu Jian
Xom
Yredelemnul
The Shining One

Annotations:
D:6 2 transporters, 3 runed translucent doors, Bronimir's ghost, novice OpWz


Innate Abilities, Weirdness & Mutations

You have hooves in place of feet.
Armour fits poorly on your strangely shaped body.
You cover ground very quickly.
You have extremely tough skin. (AC +3)
You cannot study or use magical devices.


Message History

Something hits you. Something bites you!
Something draws strength from your injuries!
You bump into the closed door.
Something hits you.
* * * LOW HITPOINT WARNING * * *
Something completely misses you.
You barely miss something. You kick something. Something hits you.
* * * LOW HITPOINT WARNING * * *
Something bites you!
* * * LOW HITPOINT WARNING * * *
Something draws strength from your injuries!
Something hits you!
* * * LOW HITPOINT WARNING * * *
Something bites you but does no damage. Something hits you but does no damage.
Something bites you but does no damage.
It was a potion of flight.
You feel very buoyant.
You fly up into the air.
Something hits you!
* * * LOW HITPOINT WARNING * * *
Something bites you!
You die...

#.### #$# #....###
#....# #.. #....# #
#....###..##....# #
####....#.........)# #
#.........###.#....###
+.........+...........
#.......))####..#..###
#...$...)..........#
#....@..##.........###
.###+##.{.##.###.....[..
..........+... ##....###
#######...##### #....#
#...# ##...### #####
#.>.... ##.#### ..


There were no monsters in sight!

Vanquished Creatures
  2 two-headed ogres (D:9)
  Pikel (D:7)
  Maurice (D:9)
  A steam dragon (D:10)
  Duvessa (D:6)
  2 orc warriors
  4 slaves (D:7)
  A sky beast (D:5)
  A black bear (D:3)
  5 ogres
  2 ice beasts
  2 phantoms
  3 centaurs
  2 big kobolds
  2 bullfrogs
  Dowan (D:6)
  A scorpion (D:7)
  17 wights
  4 crimson imps
  A bullfrog zombie (D:9)
  A howler monkey (D:6)
  2 centaur zombies (D:6)
  2 jellies
  5 hounds
  5 orc priests
  8 orc wizards
  A bullfrog skeleton (D:5)
  Jessica (D:2)
  4 iguanas
  Terence (D:2)
  4 worker ants
  A hound zombie (D:9)
  3 hound skeletons
  Robin (D:2)
  A gnoll (D:1)
  9 adders
  A shadow imp (D:7)
  2 oozes (D:2)
  An adder zombie (D:6)
  3 adder skeletons
  2 worms
  2 dart slugs (D:1)
  5 leopard geckos
  24 orcs
  2 ball pythons
  7 bats
  6 giant cockroaches
  11 goblins
  5 hobgoblins
  10 jackals
  2 quokkas
  8 frilled lizards
  14 kobolds
  A quokka skeleton (D:2)
  7 rats
216 creatures vanquished.

Notes
Turn   | Place    | Note
-------+----------+-------------------------------------------
     0 | D:1      | Bronimir the Centaur Gladiator began the quest for the Orb.
     0 | D:1      | Reached XP level 1. HP: 17/17 MP: 1/1
   167 | D:1      | Reached skill level 3 in Axes
   167 | D:1      | Reached XP level 2. HP: 18/24 MP: 2/2
   901 | D:1      | Reached XP level 3. HP: 24/29 MP: 3/3
  1241 | D:2      | Found a faded altar of an unknown god.
  1741 | D:2      | Reached XP level 4. HP: 36/36 MP: 4/4
  1745 | D:2      | Noticed Terence
  1755 | D:2      | Killed Terence
  1755 | D:2      | Reached skill level 4 in Axes
  2030 | D:2      | Found a sacrificial altar of Ru.
  2094 | D:2      | Noticed Jessica
  2105 | D:2      | Killed Jessica
  2172 | D:2      | Noticed Robin
  2178 | D:2      | Reached XP level 5. HP: 38/42 MP: 5/5
  2189 | D:2      | Killed Robin
  2710 | D:2      | Found an ornate altar of the Wu Jian Council.
  2764 | D:2      | Became a worshipper of Ru the Awakened
  2792 | D:3      | Reached skill level 1 in Armour
  2811 | D:3      | Reached skill level 5 in Axes
  2872 | D:3      | Noticed a black bear
  2942 | D:3      | Reached XP level 6. HP: 49/50 MP: 6/6
  3011 | D:3      | Found a blossoming altar of Fedhas.
  3211 | D:3      | Found a burning altar of Makhleb.
  3212 | D:3      | Found a radiant altar of Vehumet.
  4036 | D:4      | Reached skill level 6 in Axes
  4036 | D:4      | Reached XP level 7. HP: 56/57 MP: 7/7
  4715 | D:5      | Entered Level 5 of the Dungeon
  4941 | D:5      | Reached skill level 7 in Axes
  5146 | D:5      | Reached XP level 8. HP: 59/64 MP: 6/8
  5328 | D:5      | You fall into a shaft and drop 1 floor!
  5465 | D:6      | Got a shimmering helmet
  5481 | D:5      | Identified the +2 helmet of Hedging {*Contam rC++} (You
                  | found it on level 6 of the Dungeon)
  5500 | D:5      | Got a fine leather armour
  5511 | D:5      | Identified the +1 leather armour of Negation {rN+ Dex+3}
                  | (You found it on level 5 of the Dungeon)
  5609 | D:6      | Reached skill level 1 in Bows
  5619 | D:6      | Reached skill level 8 in Axes
  5622 | D:6      | Found a transporter.
  5779 | D:6      | Noticed a freezing wraith
  5783 | D:6      | Found a transporter.
  5797 | D:6      | Found a runed translucent gate.
  5797 | D:6      | Found a runed translucent gate.
  5797 | D:6      | Found a runed translucent gate.
  5798 | D:6      | Noticed Bronimir's ghost (novice OpWz)
  6099 | D:6      | Found an ornate altar of the Wu Jian Council.
  6113 | D:6      | Found a shimmering altar of Xom.
  6113 | D:6      | Found a glowing golden altar of the Shining One.
  6121 | D:6      | Found a basalt altar of Yredelemnul.
  6121 | D:6      | Found a shimmering altar of Xom.
  6121 | D:6      | Found a radiant altar of Vehumet.
  6231 | D:6      | Found a bloodstained altar of Trog.
  6231 | D:6      | Found an opulent altar of Gozag.
  6231 | D:6      | Found an iron altar of Okawaru.
  6292 | D:7      | Noticed Dowan
  6294 | D:7      | Found a staircase to the Ecumenical Temple.
  6294 | D:7      | Noticed Duvessa
  6341 | D:6      | Killed Duvessa
  6344 | D:6      | Killed Dowan
  6344 | D:6      | Reached XP level 9. HP: 28/73 MP: 4/9
  6669 | D:7      | Noticed Pikel
  6692 | D:7      | Killed Pikel
  6692 | D:7      | Reached skill level 5 in Fighting
  6692 | D:7      | Reached skill level 9 in Axes
  6819 | D:7      | Gained mutation: You cannot study or use magical devices.
                  | [Ru sacrifice]
  6819 | D:7      | Reached * piety under Ru
  6819 | D:7      | Reached ** piety under Ru
  7326 | D:7      | You fall into a shaft and drop 2 floors!
  7413 | D:9      | Noticed a two-headed ogre
  7422 | D:9      | Killed a two-headed ogre
  7422 | D:9      | Reached skill level 10 in Axes
  7609 | D:9      | Learned a level 1 spell: Confusing Touch
  7611 | D:9      | Learned a level 1 spell: Animate Skeleton
  7611 | D:9      | Noticed a two-headed ogre
  7621 | D:9      | Killed a two-headed ogre
  7621 | D:9      | Reached XP level 10. HP: 49/83 MP: 5/10
  7781 | D:9      | Noticed Maurice
  7829 | D:9      | Killed Maurice
  7829 | D:9      | Reached skill level 1 in Hexes
  7927 | D:9      | Found a stormy altar of Qazlal.
  7939 | D:9      | Reached skill level 1 in Necromancy
  8151 | D:9      | Reached skill level 1 in Spellcasting
  8508 | D:9      | Found a bloodstained altar of Trog.
  8645 | D:10     | Entered Level 10 of the Dungeon
  8840 | D:10     | HP: 2/84 [something (7)]
  8840 | D:10     | Slain by a vampire

Levels and vault maps discovered:
D:1:      onia_arrival_mini_maze_b, layout_basic, grunt_decor_cap,
          minmay_misc_feat_roman
D:2:      layout_basic, overflow_temple_1_default,
          nicolae_overflow_crystal_walls, chequers_ecumenical_altar_simple,
          uniq_robin, uniq_jessica, uniq_terence
D:3:      layout_basic, grunt_temple_overflow_lords_of_destruction,
          fedhas_altar_fruit_tree
D:4:      layout_basic, first_ration
D:5:      layout_loops_ring, uniq_ijyb
D:6:      layout_rooms, gammafunk_temple_overflow_arena, doesnt_xom_only_xom,
          ebering_ghost_rock_garden
D:7:      minmay_the_grid_triangle_9x9_recursive_2
          [minmay_the_grid_triangle_9x9_prize_top_heavy,
          minmay_the_grid_triangle_9x9_zippers_horizontal,
          minmay_the_grid_triangle_9x9_corrupted_corridor,
          minmay_the_grid_triangle_9x9_flanged_cone], layout_cave_pools,
          minmay_temple_entry_statues_pillars, uniq_pikel, uniq_duvessa
D:9:      wander_river, layout_grid_maze, basic_altar, trog_butcher_becter,
          uniq_maurice
D:10:     layout_basic, uniq_erica, uniq_harold

Skill      XL: |  1  2  3  4  5  6  7  8  9 10 |
---------------+-------------------------------+-----
Axes           | 3 4 5 6 7 8 10 | 10.5
Armour         | 1 2 3 4 |  4.1
Fighting       | 3 4 6 |  6.8
Dodging        | 3 4 |  4.7
Bows           | 2 3 |  3.4
Hexes          | 1 |  1.8
Necromancy     | 1 |  1.6
Spellcasting   | 1 |  1.3
Slings         | |  0.2
Throwing       | |  2.2
Stealth        | |  0.3

Action                   |  1- 3 |  4- 6 |  7- 9 | 10-12 || total
-------------------------+-------+-------+-------+-------++-------
Melee: War axe           |    57 |   138 |   258 |    93 ||   546
       Kick              |    13 |    25 |    68 |    22 ||   128
 Fire: Hunting sling     |       |     7 |       |       ||     7
       Shortbow          |       |       |    55 |    13 ||    68
Throw: Javelin           |       |     3 |       |       ||     3
Invok: Sacrifice Artific |       |       |     1 |       ||     1
  Use: Scroll            |       |     5 |       |     8 ||    13
       Potion            |       |       |       |     1 ||     1
  Eat: Chunk             |     2 |     6 |    10 |     3 ||    21
Armor: Leather armour    |    11 |       |    57 |    28 ||    96
       Ring mail         |    17 |    79 |    47 |       ||   143
Dodge: Dodged            |    34 |    75 |   148 |    50 ||   307
